 Dungeon Crawl Stone Soup version 0.28.0-53-g5a82cb258f (webtiles) character file.

Game seed: 5220247275738213864

783 LustLizard the Chopper (level 7, -9/62 HPs)
             Began as a Minotaur Berserker on July 16, 2022.
             Was a Priest of Trog.
             Mangled by a two-headed ogre
             ... wielding a +0 giant spiked club
              (17 damage)
             ... on level 6 of the Dungeon.
             The game lasted 00:09:39 (4986 turns).

LustLizard the Chopper (Minotaur Berserker)         Turns: 4986, Time: 00:09:40

Health: -9/62      AC: 15    Str: 23    XL:     7   Next: 55%
Magic:  6/6        EV: 10    Int:  4    God:    Trog [***...]
Gold:   285        SH:  0    Dex: 10    Spells: 6/6 levels left

rFire   + . .      SeeInvis .   z - +0 war axe
rCold   . . .      Faith    .   (no shield)
rNeg    . . .      Spirit   .   i - +3 scale mail
rPois   .          Reflect  .   B - +0 hat
rElec   .          Harm     .   n - +0 cloak
rCorr   .          Rampage  .   C - +0 pair of gloves
Will    .....                   (no boots)
Stlth   ..........              j - amulet of regeneration
HPRegen 1.00/turn               e - +4 ring of protection
MPRegen 0.10/turn               l - ring of protection from fire

@: no status effects
A: horns 2, retaliatory headbutt
a: Renounce Religion, Berserk, Trog's Hand


You were on level 6 of the Dungeon.
You worshipped Trog.
Trog was most pleased with you.
You visited 1 branch of the dungeon, and saw 6 of its levels.

You collected 285 gold pieces.

Inventory:

Hand Weapons
 a - a +0 hand axe
 z - a +0 war axe (weapon)
Missiles
 g - 153 stones
 h - 15 poisoned darts (quivered)
 q - 2 atropa-tipped darts
 E - 6 boomerangs
Armour
 b - a +0 animal skin
 f - a +0 leather armour
 i - a +3 scale mail (worn)
 n - a +0 cloak (worn)
 B - a +0 hat (worn)
 C - a +0 pair of gloves (worn)
Jewellery
 e - a +4 ring of protection (left hand)
 j - an amulet of regeneration (around neck)
 l - a ring of protection from fire (right hand)
 y - the necklace of Bloodlust {*Rage Will++ Int-3 Slay+6}
   (You took it off a goblin on level 4 of the Dungeon)

   [amulet of nothing]

   It extends the wearer's berserk rage when killing foes.
   Int:       It affects your intelligence (-3).
   Slay:      It affects your accuracy & damage with ranged weapons and melee
   (+6).
   *Rage:     It berserks you when you make melee attacks (+50% chance).
   Will:      It greatly increases your willpower.
 D - a ring of protection from cold
 F - an amulet of guardian spirit
Wands
 v - a wand of charming (4)
 G - a wand of polymorph (13)
Scrolls
 p - 2 scrolls of immolation {unknown}
 s - 2 scrolls of teleportation {unknown}
 u - a scroll of enchant weapon {unknown}
 w - 2 scrolls of blinking {unknown}
 x - a scroll of magic mapping {unknown}
Potions
 c - a potion of heal wounds
 d - 2 potions of brilliance
 k - 6 potions of curing
 m - a potion of lignification
 o - a potion of mutation
 r - a potion of cancellation
 t - a potion of attraction
 A - a potion of invisibility {unknown}


   Skills:
 + Level 5.6 Fighting
 * Level 7.3 Axes
 * Level 4.7 Throwing
 - Level 2.4 Armour
 - Level 2.1 Dodging
 * Level 1.8 Evocations


You had 6 spell levels left.
You didn't know any spells.
Your spell library was empty.

Dungeon Overview and Level Annotations

Branches:
Dungeon (6/15)             Temple (0/1) D:5

Altars:

Shops:
D:5 =


Innate Abilities, Weirdness & Mutations

You have a pair of horns on your head.
You reflexively headbutt those who attack you in melee.


Message History

No target in view!
A two-headed ogre comes into view.
It is wielding a +0 giant spiked club and a +0 giant club.
Found 16 gold pieces.
The two-headed ogre shouts in stereo!
You throw a poisoned dart.
The poisoned dart closely misses the two-headed ogre.
You throw a poisoned dart.
The poisoned dart hits the two-headed ogre!
The two-headed ogre is poisoned.
You throw a poisoned dart.
The poisoned dart hits the two-headed ogre!
The two-headed ogre looks as sick as possible!
You throw a stone.
The stone hits the two-headed ogre but does no damage.
The two-headed ogre is lightly wounded.
You throw a stone. The stone hits the two-headed ogre.
The two-headed ogre is lightly wounded.
You see here 17 bolts.
Throw: 16 darts (poison)
Press: ? - help, Q - select action, (/) - cycle Shift-Dir - straight line, f/p - two-headed ogre
Aim: a two-headed ogre, wielding a +0 giant spiked club and a +0 giant club (moderately wounded, poisoned, 75% to hit)
You throw a poisoned dart.
The poisoned dart hits the two-headed ogre.
The two-headed ogre looks even sicker.
The two-headed ogre is moderately wounded.
There is a stone staircase leading up here.
You slash the two-headed ogre!
The two-headed ogre is heavily wounded.
The two-headed ogre misses you.
The two-headed ogre hits you with a +0 giant club!!
You hit the two-headed ogre.
The two-headed ogre is heavily wounded.
The two-headed ogre hits you with a +0 giant spiked club!!
The two-headed ogre hits you with a +0 giant club.
You barely miss the two-headed ogre.
The two-headed ogre is heavily wounded.
The two-headed ogre hits you with a +0 giant spiked club!
* * * LOW HITPOINT WARNING * * *
The two-headed ogre hits you with a +0 giant club!
You die...

### ###########@#
.........##O#
########†##.# #...##.#
### #.#....#
..)#####.#....#########
.........#.............
.........#............#
.........#.........##.#


You could see a two-headed ogre (poisoned).

Vanquished Creatures
  A water moccasin (D:5)
  A water moccasin zombie (D:5)
  3 hounds
  Crazy Yiuf (D:3)
  3 jellies (D:5)
  A bullfrog skeleton (D:5)
  Terence (D:3)
  3 orc wizards (D:4)
  2 iguanas
  10 adders
  2 shadow imps (D:5)
  2 ufetubi (D:5)
  An adder zombie (D:5)
  A worm (D:3)
  3 dart slugs
  18 orcs
  A bat (D:3)
  8 endoplasms
  3 giant cockroaches
  10 goblins
  5 hobgoblins
  5 jackals (D:4)
  10 kobolds
  3 quokkas
  7 ball pythons
  3 frilled lizards
  5 rats
113 creatures vanquished.

Notes
Turn   | Place    | Note
-------+----------+-------------------------------------------
     0 | D:1      | LustLizard the Minotaur Berserker began the quest for the
                  | Orb.
     0 | D:1      | Reached XP level 1. HP: 19/19 MP: 0/0
   352 | D:1      | Reached skill level 4 in Axes
   412 | D:1      | Reached XP level 2. HP: 27/27 MP: 1/1
  1076 | D:2      | Reached skill level 1 in Throwing
  1076 | D:2      | Reached XP level 3. HP: 25/33 MP: 2/2
  1169 | D:2      | Found a faded altar of an unknown god.
  1185 | D:2      | Reached ** piety under Trog
  1743 | D:3      | Reached XP level 4. HP: 40/40 MP: 3/3
  1835 | D:3      | Noticed Terence
  1850 | D:3      | Killed Terence
  1851 | D:3      | Reached skill level 5 in Axes
  2389 | D:3      | Found a runed translucent door.
  2390 | D:3      | Noticed Crazy Yiuf
  2580 | D:3      | Killed Crazy Yiuf
  2581 | D:3      | Reached XP level 5. HP: 40/47 MP: 4/4
  3277 | D:4      | Reached *** piety under Trog
  3407 | D:4      | Reached skill level 6 in Axes
  3424 | D:4      | Reached XP level 6. HP: 44/55 MP: 5/5
  3528 | D:4      | Reached skill level 5 in Fighting
  3685 | D:5      | Entered Level 5 of the Dungeon
  4247 | D:5      | Found a staircase to the Ecumenical Temple.
  4339 | D:5      | Found Copnap's Jewellery Shoppe.
  4530 | D:5      | Noticed a water moccasin
  4545 | D:5      | Killed a water moccasin
  4546 | D:5      | Reached skill level 1 in Evocations
  4546 | D:5      | Reached XP level 7. HP: 61/61 MP: 6/6
  4547 | D:5      | Reached skill level 7 in Axes
  4954 | D:6      | Noticed a two-headed ogre
  4986 | D:6      | Mangled by a two-headed ogre

Illustrated notes

Levels and vault maps discovered:
D:1:      nzn_arrival_settlement, layout_basic, chequers_serial_rivers_small_3
D:2:      layout_loops_ring, basic_ecumenical_altar
D:3:      layout_loops_cross, uniq_crazy_yiuf_cottage, uniq_terence
D:4:      layout_basic, portal_sewer_entry_d
D:5:      layout_basic, lemuel_temple_firewalk_a, serial_shops, shop,
          kennysheep_generic_room_16
D:6:      layout_basic, uniq_menkaure

Skill      XL: |  1  2  3  4  5  6  7 |
---------------+----------------------+-----
Axes           | 4 5 6 7 |  7.3
Fighting       | 4 5 |  5.6
Throwing       | 1 2 3 4 |  4.7
Evocations     | 1 |  1.8
Armour         | |  2.4
Dodging        | |  2.1

Action                   |  1- 3 |  4- 6 |  7- 9 || total
-------------------------+-------+-------+-------++-------
Melee: Hand axe          |    85 |   153 |       ||   238
       Headbutt          |     7 |    26 |     6 ||    39
       Punch             |     2 |       |       ||     2
       War axe           |       |    27 |    20 ||    47
Throw: Stone             |    27 |    37 |    18 ||    82
       Dart              |       |     2 |     4 ||     6
Invok: Berserk           |       |     1 |       ||     1
  Use: Scroll            |       |     5 |     2 ||     7
Armor: Animal skin       |     3 |       |       ||     3
       Scale mail        |    36 |   103 |     8 ||   147
       Leather armour    |     1 |       |       ||     1
Dodge: Dodged            |    54 |    86 |     9 ||   149
